MLB
KANSAS CITY ROYALS @ CHICAGO CUBS
08/24/2098
 
TOP OF THE 1ST
Kansas City Royals batting - Pitching for Chicago Cubs : LHP John Ross
Pitching: LHP John Ross
Batting: RHB Maurice Groen 0-0: Ball
1-0: Fly out, F8 (Line Drive, 8LM, EV 96.9 MPH)
Batting: RHB Rafael Ochoa 0-0: Ball
1-0: Fly out, F8 (Flyball, 78M, EV 87.5 MPH)
Batting: RHB Blake Linden 0-0: Called Strike
0-1: Swinging Strike
0-2: Foul Ball, location: 3F
0-2: Strikes out swinging
Top of the 1st over - 0 runs, 0 hits, 0 errors, 0 left on base; Kansas City 0 - Chicago 0
BOTTOM OF THE 1ST
Chicago Cubs batting - Pitching for Kansas City Royals : RHP Craig Abling
Pitching: RHP Craig Abling
Batting: RHB Armando Valenzuela 0-0: Ground out 6-3 (Groundball, 6, EV 77.5 MPH)
Batting: LHB Nick Criswell 0-0: Ball
1-0: Foul Ball, location: 2F
1-1: DOUBLE (Line Drive, 9LS, EV 90.6 MPH)
Batting: LHB Elijah Fairchild 0-0: Ball
1-0: Foul Ball, location: 2F
1-1: SINGLE (Line Drive, 7LS, EV 93.8 MPH)
Nick Criswell to third
Batting: RHB Kevin Luzzo 0-0: Called Strike
0-1: Ball
1-1: Ball
2-1: Foul Ball, location: 7LSF
2-2: Strikes out looking
Batting: LHB Esteban Castro 0-0: DOUBLE (Line Drive, 89D, EV 104.4 MPH)
Nick Criswell scores
Elijah Fairchild to third
Runner from 3rd tries for Home, SAFE, throw by CF to home
Batting: LHB Israel Perez 0-0: Called Strike
0-1: Called Strike
0-2: Fly out, F7 (Flyball, 7S, EV 90.0 MPH)
Bottom of the 1st over - 2 runs, 3 hits, 0 errors, 1 left on base; Kansas City 0 - Chicago 2
TOP OF THE 2ND
Kansas City Royals batting - Pitching for Chicago Cubs : LHP John Ross
Batting: RHB Alex Rios 0-0: Called Strike
0-1: Called Strike
0-2: Ball
1-2: Ball
2-2: Strikes out looking
Batting: RHB Kyle Mellecker 0-0: Foul Ball, location: 2F
0-1: Swinging Strike
0-2: Ball
1-2: Foul Ball, location: 5FF
1-2: Ball
2-2: Foul Ball, location: 2F
2-2: Ball
3-2: Foul Ball, location: 2F
3-2: Fly out, F9 (Flyball, 9, EV 88.8 MPH)
Batting: RHB Jacob Huckaby 0-0: Foul Ball, location: 7LSF
0-1: Ball
1-1: Swinging Strike
1-2: Ball
2-2: Strikes out looking
Top of the 2nd over - 0 runs, 0 hits, 0 errors, 0 left on base; Kansas City 0 - Chicago 2
BOTTOM OF THE 2ND
Chicago Cubs batting - Pitching for Kansas City Royals : RHP Craig Abling
Batting: RHB Dave Conley 0-0: Ball
1-0: Fly out, F7 (Flyball, 7S, EV 78.1 MPH)
Batting: RHB Nick Love 0-0: Ball
1-0: Ground out 3-1 (Groundball, 34S, EV 80.6 MPH)
Batting: LHB Brent Griffin 0-0: Ball
1-0: TRIPLE (Flyball, 89XD, EV 93.8 MPH)
Batting: RHB Armando Valenzuela 0-0: Called Strike
0-1: Ball
1-1: Foul Ball, location: 5SF
1-2: Ball
2-2: Fly out, F9 (Flyball, 9LM, EV 75.6 MPH)
Bottom of the 2nd over - 0 runs, 1 hit, 0 errors, 1 left on base; Kansas City 0 - Chicago 2
TOP OF THE 3RD
Kansas City Royals batting - Pitching for Chicago Cubs : LHP John Ross
Batting: LHB Tony Monterosa 0-0: Foul Ball, location: 7LMF
0-1: Foul Ball, location: 3F
0-2: Ball
1-2: Foul Ball, location: 9LSF
1-2: Ground out 4-3 (Groundball, 4, EV 88.1 MPH)
Batting: RHB Tim Kingsley 0-0: Called Strike
0-1: Foul Ball, location: 2F
0-2: Strikes out swinging
Batting: LHB Danny Bonilla 0-0: Ball
1-0: Foul Ball, location: 3DF
1-1: Ball
2-1: Ball
3-1: Ground out 4-3 (Groundball, 4, EV 84.4 MPH)
Top of the 3rd over - 0 runs, 0 hits, 0 errors, 0 left on base; Kansas City 0 - Chicago 2
BOTTOM OF THE 3RD
Chicago Cubs batting - Pitching for Kansas City Royals : RHP Craig Abling
Batting: LHB Nick Criswell 0-0: Ball
1-0: Ground out U3 (Groundball, 34, EV 86.3 MPH)
Batting: LHB Elijah Fairchild 0-0: Ball
1-0: Foul Ball, location: 25FF
1-1: Swinging Strike
1-2: Ball
2-2: Strikes out swinging
Batting: RHB Kevin Luzzo 0-0: Ball
1-0: Ground out 6-3 (Groundball, 6, EV 89.4 MPH)
Bottom of the 3rd over - 0 runs, 0 hits, 0 errors, 0 left on base; Kansas City 0 - Chicago 2
TOP OF THE 4TH
Kansas City Royals batting - Pitching for Chicago Cubs : LHP John Ross
Batting: RHB Maurice Groen 0-0: Reached on error, E5 (Groundball, 5L, EV 79.4 MPH)
Batting: RHB Rafael Ochoa 0-0: Ball
1-0: Fly out, F8 (Line Drive, 8LD, EV 83.8 MPH)
Batting: RHB Blake Linden 0-0: Ball
1-0: Swinging Strike
1-1: Called Strike
1-2: Foul Ball, location: 7LMFF
1-2: Ball
2-2: DOUBLE (Groundball, 5L, EV 108.8 MPH)
Maurice Groen scores
Batting: RHB Alex Rios 0-0: Ball
1-0: Ball
2-0: Foul Ball, location: 9LSF
2-1: Fly out, F9 (Flyball, 9D, EV 93.8 MPH)
Runner from 2nd tags up, SAFE at 3rd, no throw by RF
Batting: RHB Kyle Mellecker 0-0: Ball
1-0: Ground out 6-3 (Groundball, 6, EV 76.9 MPH)
Top of the 4th over - 1 run, 1 hit, 1 error, 1 left on base; Kansas City 1 - Chicago 2
BOTTOM OF THE 4TH
Chicago Cubs batting - Pitching for Kansas City Royals : RHP Craig Abling
Batting: LHB Esteban Castro 0-0: Called Strike
0-1: Ball
1-1: Foul Ball, location: 7LMF
1-2: Ground out 5-3 (Groundball, 5L, EV 80.6 MPH)
Batting: LHB Israel Perez 0-0: Ball
1-0: Ball
2-0: Ball
3-0: SINGLE (Flyball, 78S, EV 93.8 MPH)
Batting: RHB Dave Conley 0-0: Swinging Strike
0-1: Foul Ball, location: 7LMF
0-2: Ball
1-2: Ball
2-2: Strikes out looking
Batting: RHB Nick Love 0-0: Called Strike
0-1: SINGLE (Groundball, 34D, EV 102.5 MPH)
Israel Perez to second
Runner from 2nd tries for 3rd, SAFE, no throw by RF
Batting: LHB Brent Griffin 0-0: SINGLE (Line Drive, 4M, EV 108.1 MPH)
Israel Perez scores
Nick Love to second
Batting: RHB Armando Valenzuela 0-0: Ball
1-0: Ball
2-0: Called Strike
2-1: Swinging Strike
2-2: SINGLE (Groundball, 6M, EV 91.3 MPH) (infield hit)
Nick Love to third
Brent Griffin to second
Batting: LHB Nick Criswell 0-0: Ball
1-0: Foul Ball, location: 5SF
1-1: Ball
2-1: Fly out, F6 (Popup, 6M, EV 54.4 MPH)
Bottom of the 4th over - 1 run, 4 hits, 0 errors, 3 left on base; Kansas City 1 - Chicago 3
TOP OF THE 5TH
Kansas City Royals batting - Pitching for Chicago Cubs : LHP John Ross
Batting: RHB Jacob Huckaby 0-0: Fly out, F7 (Flyball, 78XD, EV 95.0 MPH)
Batting: LHB Tony Monterosa 0-0: Foul Ball, location: 2F
0-1: Swinging Strike
0-2: Ball
1-2: Ball
2-2: Foul Ball, location: 2F
2-2: DOUBLE (Line Drive, 7LS, EV 107.5 MPH)
Batting: RHB Tim Kingsley 0-0: Ball
1-0: Called Strike
1-1: Fly out, F8 (Flyball, 8LM, EV 86.3 MPH)
Batting: LHB Danny Bonilla 0-0: Ball
1-0: Swinging Strike
1-1: Ball
2-1: SINGLE (Groundball, 34D, EV 103.1 MPH) (infield hit)
Tony Monterosa to third
Batting: RHB Maurice Groen 0-0: SINGLE (Line Drive, 4D, EV 98.8 MPH)
Tony Monterosa scores
Danny Bonilla to second
Batting: RHB Rafael Ochoa 0-0: Called Strike
0-1: Foul Ball, location: 7LSF
0-2: Strikes out swinging
Top of the 5th over - 1 run, 3 hits, 0 errors, 2 left on base; Kansas City 2 - Chicago 3
BOTTOM OF THE 5TH
Chicago Cubs batting - Pitching for Kansas City Royals : RHP Craig Abling
Batting: LHB Elijah Fairchild 0-0: Called Strike
0-1: Ball
1-1: Ground out 6-3 (Groundball, 6, EV 88.1 MPH)
Batting: RHB Kevin Luzzo 0-0: Fly out, F6 (Line Drive, 6, EV 65.6 MPH)
Batting: LHB Esteban Castro 0-0: Called Strike
0-1: Foul Ball, location: 9LMF
0-2: Ground out U3 (Groundball, 3S, EV 83.1 MPH)
Bottom of the 5th over - 0 runs, 0 hits, 0 errors, 0 left on base; Kansas City 2 - Chicago 3
TOP OF THE 6TH
Kansas City Royals batting - Pitching for Chicago Cubs : LHP John Ross
Batting: RHB Blake Linden 0-0: Ball
1-0: Swinging Strike
1-1: Swinging Strike
1-2: Ball
2-2: Ball
3-2: Strikes out looking
Batting: RHB Alex Rios 0-0: Hit by Pitch
Batting: RHB Kyle Mellecker 0-0: Ball
1-0: Reached via error on a dropped throw from 3B, E3 (Groundball, 56S, EV 70.6 MPH)
Alex Rios to second
Batting: RHB Jacob Huckaby 0-0: Foul Ball, location: 23F
0-1: Ball
1-1: Swinging Strike
1-2: Ball
2-2: Ball
3-2: Grounds into double play, 6-4-3 (Groundball, 6, EV 105.6 MPH)
Top of the 6th over - 0 runs, 0 hits, 1 error, 1 left on base; Kansas City 2 - Chicago 3
BOTTOM OF THE 6TH
Chicago Cubs batting - Pitching for Kansas City Royals : RHP Craig Abling
Batting: LHB Israel Perez 0-0: Called Strike
0-1: Ground out U3 (Groundball, 3L, EV 103.8 MPH)
Batting: RHB Dave Conley 0-0: Called Strike
0-1: Called Strike
0-2: Ball
1-2: Ball
2-2: SINGLE (Groundball, 4MD, EV 102.5 MPH)
Batting: RHB Nick Love 0-0: Ball
1-0: Called Strike
1-1: Fly out, F8 (Flyball, 8RM, EV 81.3 MPH)
Lined into DP, 8-3 (Flyball, 8RM, EV 81.3 MPH)
Bottom of the 6th over - 0 runs, 1 hit, 0 errors, 0 left on base; Kansas City 2 - Chicago 3
TOP OF THE 7TH
Kansas City Royals batting - Pitching for Chicago Cubs : LHP John Ross
Batting: LHB Tony Monterosa 0-0: Ball
1-0: SINGLE (Groundball, 4D, EV 98.8 MPH)
Batting: RHB Tim Kingsley 0-0: Ball
1-0: Foul Ball, location: 25F
1-1: Ball
2-1: Ball
3-1: SINGLE (Line Drive, 8RS, EV 101.3 MPH)
Tony Monterosa to second
Pinch Hitting: RHB Kevin Stark 0-0: 3-RUN HOME RUN (Flyball, 7D, EV 95.6 MPH), Distance : 374 ft
Pitching: RHP John O'Brien
Batting: RHB Maurice Groen 0-0: Called Strike
0-1: Ball
1-1: Foul Ball, location: 2F
1-2: SINGLE (Line Drive, 34D, EV 96.9 MPH)
Batting: RHB Rafael Ochoa 0-0: Ball
1-0: Reached on error, E5 (Groundball, 56S, EV 84.4 MPH)
Maurice Groen to second
Batting: LHB Jorge Castillo 0-0: Called Strike
0-1: Ball
1-1: Swinging Strike
1-2: Strikes out swinging
Batting: RHB Alex Rios 0-0: Fly out, F9 (Flyball, 89M, EV 86.3 MPH)
Batting: RHB Kyle Mellecker 0-0: Called Strike
0-1: Fly out, F8 (Flyball, 8LD, EV 96.9 MPH)
Top of the 7th over - 3 runs, 4 hits, 1 error, 2 left on base; Kansas City 5 - Chicago 3
BOTTOM OF THE 7TH
Chicago Cubs batting - Pitching for Kansas City Royals : RHP Craig Abling
Pitching: LHP Brian Clute
Now at 1B: Kevin Stark
Pinch Hitting: RHB Jonathan Stooksberry 0-0: Called Strike
0-1: Ball
1-1: Foul Ball, location: 7LSF
1-2: Ball
2-2: TRIPLE (Flyball, 7LD, EV 108.8 MPH)
Batting: RHB Armando Valenzuela 0-0: Ball
1-0: Ball
2-0: Called Strike
2-1: Ball
3-1: SINGLE (Line Drive, 5D, EV 100.0 MPH)
Jonathan Stooksberry scores
Pitching: RHP Pat Teague
Batting: LHB Nick Criswell 0-0: Ball
Armando Valenzuela steals 2nd base
1-0: Called Strike
1-1: Ball
2-1: Swinging Strike
2-2: Strikes out swinging
Batting: LHB Elijah Fairchild 0-0: Called Strike
0-1: Ball
1-1: Swinging Strike
1-2: Ball
2-2: Ball
3-2: Strikes out looking
Batting: RHB Kevin Luzzo 0-0: Ball
1-0: Ball
2-0: Foul Ball, location: 25F
2-1: Ball
3-1: DOUBLE (Line Drive, 5D, EV 93.8 MPH)
Armando Valenzuela scores
Pitching: LHP Jim Garvelink
Pinch Hitting: RHB Amir Shaw 0-0: Ball
1-0: Ball
2-0: Swinging Strike
2-1: Foul Ball, location: 2F
2-2: Foul Ball, location: 2F
2-2: Ball
3-2: Base on Balls
Batting: LHB Israel Perez 0-0: Called Strike
0-1: Ground out 4-3 (Groundball, 4, EV 76.9 MPH)
Bottom of the 7th over - 2 runs, 3 hits, 0 errors, 2 left on base; Kansas City 5 - Chicago 5
TOP OF THE 8TH
Kansas City Royals batting - Pitching for Chicago Cubs : RHP John O'Brien
Now at 1B: Devin Williams
Now at 3B: Jaylin Tillman
Now at SS: Dave Conley
Batting: RHB Jacob Huckaby 0-0: Ball
1-0: Ball
2-0: Fly out, F9 (Flyball, 9D, EV 88.8 MPH)
Batting: LHB Tony Monterosa 0-0: Called Strike
0-1: Ball
1-1: Ball
2-1: Ball
3-1: Called Strike
3-2: Strikes out swinging
Batting: RHB Tim Kingsley 0-0: SINGLE (Line Drive, 6D, EV 100.0 MPH)
Batting: RHB Kevin Stark 0-0: Ball
1-0: Ball
Tim Kingsley steals 2nd base
2-0: Intentional Walk
Batting: RHB Maurice Groen 0-0: Ball
1-0: Swinging Strike
1-1: Foul Ball, location: 23F
1-2: Ball
2-2: SINGLE (Line Drive, 89S, EV 97.5 MPH)
Tim Kingsley to third
Kevin Stark to second
Runner from 3rd tries for Home, SAFE, throw by RF to home
Pitching: RHP Ryan Ahlstrom
Pinch Hitting: LHB Mike Andreas 0-0: Ground out 4-3 (Groundball, 4, EV 104.4 MPH)
Top of the 8th over - 1 run, 2 hits, 0 errors, 2 left on base; Kansas City 6 - Chicago 5
BOTTOM OF THE 8TH
Chicago Cubs batting - Pitching for Kansas City Royals : LHP Jim Garvelink
Now in LF: Mike Andreas
Now in RF: Tony Monterosa
Batting: RHB Dave Conley 0-0: Called Strike
0-1: Ball
1-1: Ball
2-1: Ball
3-1: Fly out, F9 (Line Drive, 89S, EV 91.9 MPH)
Batting: RHB Nick Love 0-0: Called Strike
0-1: SINGLE (Line Drive, 9LM, EV 100.6 MPH)
Batting: RHB Devin Williams 0-0: Called Strike
0-1: Foul Ball, location: 5FF
0-2: Ground out 6-3 (Groundball, 56, EV 105.6 MPH)
Nick Love to second
Batting: RHB Armando Valenzuela 0-0: Called Strike
0-1: Ball
1-1: Called Strike
1-2: Fly out, F9 (Flyball, 89D, EV 100.6 MPH)
Bottom of the 8th over - 0 runs, 1 hit, 0 errors, 1 left on base; Kansas City 6 - Chicago 5
TOP OF THE 9TH
Kansas City Royals batting - Pitching for Chicago Cubs : RHP Ryan Ahlstrom
Pitching: LHP Tim Linden
Batting: LHB Jorge Castillo 0-0: Called Strike
0-1: Swinging Strike
0-2: Foul Ball, location: 7LSF
0-2: Strikes out swinging
Batting: RHB Alex Rios 0-0: Ball
1-0: SOLO HOME RUN (Flyball, 9D, EV 97.5 MPH), Distance : 392 ft
Batting: RHB Kyle Mellecker 0-0: Called Strike
0-1: Swinging Strike
0-2: SOLO HOME RUN (Flyball, 7D, EV 98.1 MPH), Distance : 389 ft
Batting: RHB Jacob Huckaby 0-0: Ball
1-0: Ball
2-0: Called Strike
2-1: Foul Ball, location: 5SF
2-2: Ground out 4-3 (Groundball, 4MS, EV 90.0 MPH)
Batting: LHB Tony Monterosa 0-0: Ball
1-0: Swinging Strike
1-1: Called Strike
1-2: Strikes out swinging, 2-3 out at first.
Top of the 9th over - 2 runs, 2 hits, 0 errors, 0 left on base; Kansas City 8 - Chicago 5
BOTTOM OF THE 9TH
Chicago Cubs batting - Pitching for Kansas City Royals : LHP Jim Garvelink
Batting: LHB Nick Criswell 0-0: Called Strike
0-1: Fly out, F8 (Flyball, 8RM, EV 91.9 MPH)
Batting: LHB Elijah Fairchild 0-0: Ball
1-0: Ball
2-0: Called Strike
2-1: Ball
3-1: Called Strike
3-2: DOUBLE (Line Drive, 7LS, EV 94.4 MPH)
Pitching: RHP Aubrey Pettey
Batting: RHB Kevin Luzzo 0-0: Ball
1-0: Foul Ball, location: 2F
1-1: Foul Ball, location: 2RF
1-2: Foul Ball, location: 5FF
1-2: 2-RUN HOME RUN (Flyball, 7LD, EV 98.8 MPH), Distance : 371 ft
Batting: RHB Jaylin Tillman 0-0: Called Strike
0-1: Fly out, F8 (Flyball, 8LM, EV 90.6 MPH)
Batting: LHB Israel Perez 0-0: Called Strike
0-1: Ball
1-1: Ball
2-1: SINGLE (Groundball, 4MD, EV 101.9 MPH)
Batting: RHB Dave Conley 0-0: Swinging Strike
0-1: Fly out, F9 (Flyball, 89M, EV 86.3 MPH)
Bottom of the 9th over - 2 runs, 3 hits, 0 errors, 1 left on base; Kansas City 8 - Chicago 7
Saturday, April 13th , 2024 - OOTP Baseball 24.11 Build 85